 Dungeon Crawl Stone Soup version 0.20.1-1-g8b1a95d (webtiles) character file.

342 vatarom the Cudgeler (level 6, 0/47 HPs)
             Began as a Demonspawn Chaos Knight on Sept 4, 2017.
             Succumbed to an adder's poison
             ... on level 4 of the Dungeon.
             The game lasted 00:06:41 (3348 turns).

vatarom the Cudgeler (Demonspawn Chaos Knight)      Turns: 3348, Time: 00:06:42

Health: 0/47       AC:  6    Str: 12    XL:     6   Next: 30%
Magic:  6/6        EV: 11    Int: 19    God:    Xom [..*...]
Gold:   142        SH:  0    Dex: 14    Spells: 5/5 levels left

rFire    . . .     SeeInvis +   o - +4 quarterstaff (chaos)
rCold    . . .     Gourm    .   (shield currently unavailable)
rNeg     . . .     Faith    .   b - +2 leather armour
rPois    .         Spirit   .   (helmet restricted)
rElec    .         Reflect  .   q - +0 cloak
rCorr    .         Harm     .   (no gloves)
MR       .....                  (no boots)
Stlth    ++........             (no amulet)
Regen    0.2/turn               e - ring of see invisible
MPRegen  0.1/turn               m - +5 ring of intelligence

@: lethally poisoned (0 -> -11), about to teleport
A: antennae 1, demonic guardian 1, nightstalker 1
a: Renounce Religion


You were on level 4 of the Dungeon.
You worshipped Xom.
You were a toy of Xom.
You were not hungry.

You visited 1 branch of the dungeon, and saw 5 of its levels.

You collected 142 gold pieces.

Inventory:

Hand Weapons
 a - a +0 mace of chaos
 o - a +4 quarterstaff of chaos (weapon)
Armour
 b - a +2 leather armour (worn)
 q - a +0 cloak (worn)
Jewellery
 e - a ring of see invisible (left hand)
 m - a +5 ring of intelligence (right hand)
 n - an uncursed ring of wizardry
Wands
 l - a wand of acid (7/15)
 r - a wand of confusion (2/48)
Scrolls
 h - 2 scrolls of identify
 i - 3 scrolls of teleportation
 k - 2 scrolls of recharging
 p - a scroll of remove curse
Potions
 j - 2 potions of magic
Comestibles
 c - 3 bread rations
 d - 3 meat rations
 f - 3 royal jellies
 g - a fruit


   Skills:
 - Level 3.0 Fighting
 - Level 5.5(5.7) Maces & Flails
 * Level 2.1(4.1) Staves
 + Level 2.9 Armour
 - Level 0.8 Dodging


You had 5 spell levels left.
You didn't know any spells.

Dungeon Overview and Level Annotations

Branches:
Dungeon (5/15)
 Temple: D:4-7

Altars:
Elyvilon
Qazlal
Sif Muna
Xom
The Shining One

Annotations:
D:4 Edmund


Innate Abilities, Weirdness & Mutations

You have a pair of small antennae on your head.
A weak demonic guardian rushes to your aid.
You are slightly more attuned to the shadows.


Message History

You are more poisoned.
The adder poisons you!
You closely miss the adder.
The adder is severely wounded.
You feel sick. The adder bites you.
* * * LOW HITPOINT WARNING * * *
You are lethally poisoned!
The adder poisons you! The adder bites you.
* * * LOW HITPOINT WARNING * * *
The adder bites you but does no damage. The adder closely misses you.
Okay, then.
As you read the scroll of teleportation, it crumbles to dust.
You feel strangely unstable.
* * * LOW HITPOINT WARNING * * *
You feel sick. The adder bites you.
* * * LOW HITPOINT WARNING * * *
You are more poisoned.
The adder poisons you! The adder barely misses you.
You die...
Xom laughs nastily!

#.## #......# ##'##
#......# ### #...#
#......###..
########### #...#
#.......^..#
#(........# #)..#
#.......####
#......#### #####
#......## #......#
#......# #......#
###########......#####
#......#
##..S>@................
###.####
#..#.#S###.####....####
#.# ##.##...# #.#
#....#
####.#####......## #.#
#....#
............##.## #.#
#.)..# ..........#.##.#
#.# ##...#
............##.# ##.#
#...# ...........###.#
#..# ###.##
...........# #.#
#.###### #..#


You could see 2 adders.

Vanquished Creatures
  A sky beast (D:5)
  A bullfrog (D:3)
  A bullfrog zombie (D:5)
  Crazy Yiuf (D:4)
  2 worker ants (D:4)
  A hound skeleton (D:4)
  An adder (D:2)
  An ooze (D:1)
  A dart slug (D:1)
  A leopard gecko (D:4)
  An orc (D:4)
  6 giant cockroaches
  7 goblins
  4 hobgoblins
  3 jackals (D:4)
  8 kobolds
  2 quokkas (D:3)
  4 bats
  6 frilled lizards
  8 rats
60 creatures vanquished.

Vanquished Creatures (others)
  A hobgoblin (D:3)
1 creature vanquished.

Grand Total: 61 creatures vanquished

Notes
Turn   | Place    | Note
-------+----------+-------------------------------------------
     0 | D:1      | vatarom the Demonspawn Chaos Knight began the quest for the Orb.
     0 | D:1      | Reached XP level 1. HP: 18/18 MP: 1/1
    32 | D:1      | Reached skill level 3 in Maces & Flails
   174 | D:1      | Gained mutation: You are slightly more attuned to the shadows. [demonic ancestry]
   174 | D:1      | Reached XP level 2. HP: 19/24 MP: 2/2
   868 | D:1      | XOM: harmless Conj miscast
  1081 | D:2      | XOM: cast spell 'Cause Fear'
  1159 | D:2      | Gained mutation: You have a pair of small antennae on your head. [demonic ancestry]
  1159 | D:2      | Reached XP level 3. HP: 25/29 MP: 3/3
  1193 | D:2      | Reached skill level 4 in Maces & Flails
  1279 | D:2      | XOM: harmless Conj miscast
  1567 | D:2      | Found a faded altar of an unknown god.
  1571 | D:2      | Found a faded altar of an unknown god.
  1573 | D:2      | Found a stormy altar of Qazlal.
  1574 | D:2      | Found a deep blue altar of Sif Muna.
  1578 | D:2      | Found a glowing golden altar of the Shining One.
  1629 | D:3      | Noticed a bullfrog
  1796 | D:3      | XOM: divination: detect items
  1811 | D:3      | XOM: divination: detect items
  1816 | D:3      | Killed a bullfrog
  1816 | D:3      | Reached skill level 5 in Maces & Flails
  1816 | D:3      | Gained mutation: A weak demonic guardian rushes to your aid. [demonic ancestry]
  1816 | D:3      | Reached XP level 4. HP: 30/35 MP: 4/4
  1911 | D:3      | Found a white marble altar of Elyvilon.
  1945 | D:3      | XOM: scenery: create altars
  2142 | D:4      | XOM: enchant monster (good)
  2153 | D:4      | Reached XP level 5. HP: 24/41 MP: 5/5
  2330 | D:4      | XOM: scenery: create altars
  2759 | D:4      | Got a polished shortbow
  2760 | D:4      | Identified the cursed +1 shortbow "Ekitos" {flame, Int+2} (You found it on level 4 of the Dungeon)
  2802 | D:4      | Found a runed door.
  2863 | D:4      | Noticed Crazy Yiuf
  2865 | D:4      | Killed Crazy Yiuf
  3070 | D:4      | Noticed Edmund
  3163 | D:5      | Entered Level 5 of the Dungeon
  3163 | D:5      | Noticed a sky beast
  3188 | D:5      | Killed a sky beast
  3188 | D:5      | Reached skill level 1 in Staves
  3188 | D:5      | Reached XP level 6. HP: 24/47 MP: 6/6
  3200 | D:5      | XOM: medium Conj miscast
  3236 | D:5      | XOM: mild Hex miscast
  3237 | D:5      | XOM: divination: magic mapping
  3347 | D:4      | HP: 1/47 [adder (4)]
  3348 | D:4      | Succumbed to an adder's poison

Skill      XL: |  1  2  3  4  5  6 |
---------------+-------------------+-----
Maces & Flails | 3 5 |  5.5
Armour         | 2 |  2.9
Staves         | 1 2 |  2.1
Fighting       | |  3.0
Dodging        | |  0.8

Action                   |  1- 3 |  4- 6 || total
-------------------------+-------+-------++-------
Melee: Mace              |    89 |    48 ||   137
       Quarterstaff      |       |    21 ||    21
Evoke: Wand              |     1 |     6 ||     7
  Use: Scroll            |     3 |     7 ||    10
       Potion            |       |     5 ||     5
 Stab: Sleeping          |     1 |     3 ||     4
  Eat: Chunk             |     3 |     3 ||     6
       Bread ration      |       |     1 ||     1
Armor: Leather armour    |    31 |    41 ||    72
Dodge: Dodged            |    49 |    56 ||   105
